 Dungeon Crawl Stone Soup version 0.25-a0-163-g00f8f0cddd (webtiles) character file.

Game seed: 17503474541442150996, levelgen mode: deterministic

2599 Gargoyl the Chopper (level 9, -4/72 HPs)
             Began as a Centaur Abyssal Knight on Nov 22, 2019.
             Was a High Priest of Lugonu.
             Slain by an orc warrior
             ... wielding a +0 mace
              (13 damage)
             ... on level 7 of the Dungeon.
             The game lasted 00:12:17 (7522 turns).

Gargoyl the Chopper (Centaur Abyssal Knight)        Turns: 7522, Time: 00:12:18

Health: -4/72      AC: 15    Str: 18    XL:     9   Next: 33%
Magic:  13/13      EV:  4    Int: 11    God:    Lugonu [*****.]
Gold:   133        SH:  7    Dex: 14    Spells: 8/8 levels left

rFire    . . .     SeeInvis +   E - +1 hand axe (flame)
rCold    . . .     Gourm    .   C - +0 shield
rNeg     . . .     Faith    .   l - +0 chain mail
rPois    .         Spirit   .   t - +1 helmet
rElec    .         Reflect  .   k - +0 cloak
rCorr    .         Harm     .   f - +2 pair of gloves
MR       +....                  (no barding)
Stlth    ..........             d - amulet of rage
HPRegen  0.22/turn              i - +5 ring of dexterity
MPRegen  0.13/turn              g - ring of see invisible

@: very quick
A: large, hooves 3, see invisible, deformed body, speed 2, magic resistance 1,
tough skin 3
a: Depart the Abyss, Bend Space, Banish, Corrupt, Enter the Abyss, Renounce
Religion, Evoke Berserk Rage


You were on level 7 of the Dungeon.
You worshipped Lugonu.
Lugonu was extremely pleased with you.
You were not hungry.

You visited 1 branch of the dungeon, and saw 7 of its levels.
You visited the Abyss 1 time.
You also visited: Sewer.

You collected 313 gold pieces.
You spent 180 gold pieces at shops.

Inventory:

Hand Weapons
 a - a +1 hand axe
 E - a +1 hand axe of flaming (weapon)
Missiles
 m - 8 boomerangs (quivered)
Armour
 f - a +2 pair of gloves (worn)
 k - a +0 cloak (worn)
 l - a +0 chain mail (worn)
 t - a +1 helmet (worn)
 C - a +0 shield (worn)
Jewellery
 d - an amulet of rage (around neck)
 g - a ring of see invisible (right hand)
 i - a +5 ring of dexterity (left hand)
 y - an uncursed ring of fire {unknown}
Wands
 o - a wand of flame (23)
 s - a wand of paralysis (1)
Scrolls
 b - 7 scrolls of teleportation
 p - a scroll of identify
 v - 4 scrolls of remove curse
 w - 6 scrolls of blinking
 x - 4 scrolls of fog
Potions
 e - 3 potions of flight
 h - a potion of resistance
 j - 2 potions of lignification
 n - 5 potions of might
 q - a potion of heal wounds {unknown}
 r - a potion of berserk rage {unknown}
 u - 2 potions of brilliance {unknown}
 z - a potion of curing {unknown}
 A - a potion of magic {unknown}
 B - a potion of haste {unknown}
Comestibles
 c - 8 rations


   Skills:
 + Level 4.5 Fighting
 + Level 6.6 Axes
 * Level 5.7 Armour
 * Level 3.5 Dodging
 * Level 5.5 Invocations
 + Level 0.8 Evocations


You had 8 spell levels left.
You didn't know any spells.
Your spell library contained the following spells:

 Spells                   Type           Power        Failure   Level  Hunger
 Infusion                 Chrm           #...         100%        1    ##.....
 Summon Small Mammal      Summ           #...         100%        1    ##.....
 Call Imp                 Summ           #.......     100%        2    ###....
 Call Canine Familiar     Summ           #.......     100%        3    ####...
 Summon Guardian Golem    Hex/Summ       #.......     100%        3    ####...
 Summon Ice Beast         Ice/Summ       #.......     100%        4    #####..
 Summon Lightning Spire   Summ/Air       #.......     100%        4    #####..


Dungeon Overview and Level Annotations

Branches:
Dungeon (7/15)             Temple (0/1) D:4           Sewer (visited)

Altars:
Dithmenos
Sif Muna
Uskayaw

Shops:
D:6 :*[[?


Innate Abilities, Weirdness & Mutations

You have hooves in place of feet.
Armour fits poorly on your strangely shaped body.
You cover ground very quickly.
You have extremely tough skin. (AC +3)
You have supernaturally acute eyesight. (SInv)
You are resistant to hostile enchantments. (MR+)


Message History

The orc warrior hits you with a +0 mace.
You hit the orc warrior. You burn the orc warrior.
You kick the orc warrior, but do no damage.
The orc warrior is heavily wounded.
The orc warrior hits you with a +0 mace.
You hit the orc warrior but do no damage.
The orc warrior is heavily wounded.
The orc warrior hits you with a +0 mace.
You hit the orc warrior but do no damage.
The orc warrior is heavily wounded.
The orc warrior hits you with a +0 mace.
You hit the orc warrior but do no damage.
You kick the orc warrior!
The orc warrior is almost dead.
The orc warrior hits you with a +0 mace!
* * * LOW HITPOINT WARNING * * *
You hit the orc warrior but do no damage.
The orc warrior is severely wounded.
The orc warrior hits you with a +0 mace!
You die...

#...........(.
#.##.######.##
#.##.# #....#
#.##.# #..###
#.##.# #.(#
#....###..#
#########.....####
#............#...#
#@#######.#....#..
#o).....#.#.####..
...####.#...#.....
###.# #####.####
.# ###.#... ##
#....... #.#.#.#.
#.#.#.#. ..#.#.#.


You could see an orc warrior.

Vanquished Creatures
  Pikel (D:4)
  Prince Ribbit (D:5)
  Menkaure (D:4)
  A sky beast (D:5)
  2 ice beasts
  2 centaurs
  3 bullfrogs
  Blork the orc (D:4)
  A howler monkey (D:5)
  2 crimson imps (D:5)
  2 centaur zombies
  A bullfrog zombie (D:5)
  A bullfrog skeleton (D:4)
  3 hounds (D:6)
  3 orc priests
  5 orc wizards
  2 iguanas
  6 worker ants
  A killer bee zombie (D:6)
  2 hound skeletons (D:4)
  Robin (D:3)
  10 adders
  6 river rats (Sewer)
  A shadow imp (D:6)
  7 oozes
  An adder zombie (D:5)
  An adder skeleton (D:4)
  5 worms
  A dart slug (D:3)
  A leopard gecko (D:6)
  15 orcs
  13 ball pythons
  11 bats
  2 giant cockroaches (D:6)
  15 goblins
  11 hobgoblins
  8 jackals
  10 kobolds
  4 quokkas
  9 frilled lizards
  A jackal zombie (D:7)
  A leopard gecko skeleton (D:5)
  A quokka zombie (D:5)
  28 rats
204 creatures vanquished.

Notes
Turn   | Place    | Note
-------+----------+-------------------------------------------
     0 | Abyss:1  | Gargoyl the Centaur Abyssal Knight began the quest for the
                  | Orb.
     0 | Abyss:1  | Reached XP level 1. HP: 19/19 MP: 2/2
    42 | Abyss:1  | Found a corrupted altar of Lugonu.
    57 | Abyss:1  | Noticed a raiju
    57 | Abyss:1  | Noticed a raiju
    59 | D:1      | Escaped the Abyss
   121 | D:1      | Reached * piety under Lugonu
   206 | D:1      | Reached XP level 2. HP: 26/26 MP: 3/3
   264 | D:1      | Reached skill level 1 in Dodging
  1038 | D:1      | Reached skill level 2 in Axes
  1038 | D:1      | Reached XP level 3. HP: 31/31 MP: 4/4
  1398 | D:2      | Reached ** piety under Lugonu
  1991 | D:3      | Reached XP level 4. HP: 38/38 MP: 5/5
  2192 | D:3      | Reached XP level 5. HP: 24/45 MP: 7/7
  2225 | D:3      | Noticed an ice beast
  2360 | D:3      | Killed an ice beast
  2360 | D:3      | Reached skill level 3 in Axes
  2658 | D:3      | Noticed Robin
  2665 | D:3      | Reached XP level 6. HP: 39/52 MP: 8/8
  2673 | D:3      | Killed Robin
  3081 | D:4      | Reached *** piety under Lugonu
  3770 | D:4      | Noticed Blork the orc
  3787 | D:4      | Killed Blork the orc
  3787 | D:4      | Reached skill level 4 in Axes
  3789 | D:4      | Reached XP level 7. HP: 12/58 MP: 9/9
  4202 | D:4      | Found a staircase to the Ecumenical Temple.
  4274 | D:5      | Entered Level 5 of the Dungeon
  4836 | D:5      | Noticed Menkaure
  4849 | D:4      | Killed Menkaure
  5184 | D:5      | Noticed Prince Ribbit
  5201 | D:5      | Killed Prince Ribbit
  5201 | D:5      | Reached skill level 5 in Axes
  5201 | D:5      | Reached XP level 8. HP: 46/66 MP: 11/11
  5324 | D:5      | Noticed Pikel
  5358 | D:4      | Killed Pikel
  5358 | D:4      | Reached skill level 5 in Invocations
  5479 | D:5      | Reached skill level 5 in Armour
  5748 | D:5      | Reached **** piety under Lugonu
  5748 | D:5      | Reached skill level 6 in Axes
  5752 | D:5      | Gained mutation: You have supernaturally acute eyesight.
                  | (SInv) [potion of mutation]
  5752 | D:5      | Gained mutation: You are resistant to hostile enchantments.
                  | (MR+) [potion of mutation]
  5868 | D:5      | Found a shadowy altar of Dithmenos.
  5898 | D:5      | Reached XP level 9. HP: 71/71 MP: 12/12
  6069 | D:6      | Found Vistaom's Book Emporium.
  6106 | D:6      | Found a shimmering blue altar of Sif Muna.
  6266 | D:6      | Identified Sif Muna's Tome of Protection
  6351 | D:6      | Found a glowing drain.
  6365 | Sewer    | Entered a sewer
  6570 | Sewer    | Reached ***** piety under Lugonu
  6839 | D:6      | Found a hide-covered altar of Uskayaw.
  6933 | D:6      | Found Quseise's Antique Armour Boutique.
  6947 | D:6      | Found Jyschy's Magic Scroll Shop.
  6954 | D:6      | Bought a scroll of enchant armour for 90 gold pieces
  6954 | D:6      | Bought a scroll of blinking for 90 gold pieces
  7022 | D:6      | Found Qoss's Antique Armour Boutique.
  7054 | D:6      | Found Liopt's Assorted Antiques.
  7522 | D:7      | Slain by an orc warrior

Levels and vault maps discovered:
D:1:      saegor_arrival_simple_c, layout_loops_cross
D:2:      layout_basic
D:3:      layout_rooms, minmay_misc_feat_encased, uniq_robin
D:4:      layout_basic, minmay_temple_entry_butterflies, first_ration,
          corexii_hall_statues_l, minmay_pentomino_pile, uniq_blork_the_orc
D:5:      layout_rooms, marbit_many_paths, uniq_menkaure, uniq_prince_ribbit1,
          uniq_pikel
D:6:      layout_loops_cross, basic_altar, serial_shops, shop,
          kennysheep_mini_moat, nicolae_shop_window_shopping, shop,
          shop_fountains, portal_sewer_entry_a, led_sif_book
D:7:      layout_basic

Skill      XL: |  1  2  3  4  5  6  7  8 |
---------------+-------------------------+-----
Dodging        | 1 2 3 |  3.5
Axes           | 2 3 4 5 6 |  6.6
Armour         | 2 4 5 |  5.7
Invocations    | 3 4 5 |  5.5
Fighting       | 4 |  4.5
Evocations     | |  0.8

Action                   |  1- 3 |  4- 6 |  7- 9 || total
-------------------------+-------+-------+-------++-------
Melee: Hand axe          |   128 |   151 |   371 ||   650
       Kick              |    27 |    40 |   111 ||   178
Invok: Depart the Abyss  |     1 |       |       ||     1
       Bend Space        |       |       |     2 ||     2
 Abil: Evoke Berserk Rag |     1 |     1 |       ||     2
Evoke: Wand              |       |       |     4 ||     4
  Use: Scroll            |     4 |     1 |     8 ||    13
       Potion            |       |       |     1 ||     1
 Stab: Paralysed         |       |       |     2 ||     2
  Eat: Chunk             |     2 |     7 |    11 ||    20
Armor: Leather armour    |    47 |       |       ||    47
       Chain mail        |    91 |    89 |   252 ||   432
Dodge: Dodged            |    78 |    40 |   122 ||   240
Block: Shield            |       |       |    20 ||    20

Table legend:
 A = Non-vault XP
 B = Vault XP
 C = Vault XP percentage of total XP
 D = Non-vault monster count
 E = Vault monster count
 F = Vault count percentage of total count
                 A         B        C        D         E       F
            +---------+---------+-------+---------+---------+-------
      Total |    1992 |    1722 |  46.4 |     133 |      71 |  34.8
            +---------+---------+-------+---------+---------+-------
        D:1 |      46 |       0 |   0.0 |      27 |       0 |   0.0
        D:2 |      46 |       0 |   0.0 |      25 |       0 |   0.0
        D:3 |     301 |      35 |  10.4 |      22 |      11 |  33.3
        D:4 |     367 |     924 |  71.6 |      22 |       4 |  15.4
        D:5 |     768 |     312 |  28.9 |      17 |       2 |  10.5
        D:6 |     418 |      91 |  17.9 |      16 |       6 |  27.3
        D:7 |      46 |       0 |   0.0 |       4 |       0 |   0.0
      Sewer |       0 |     360 | 100.0 |       0 |      48 | 100.0
            +---------+---------+-------+---------+---------+-------
